Map: Automaton LE

Players

Sketchaphone - Winner!

  • Race: Zerg Zerg
  • League: Platinum
  • Spawn Location: 9:00

cool

  • Race: Protoss Protoss
  • League: Gold
  • Spawn Location: 3:00

VOD

Have the link to the VOD?

Description

Time

  • Played on: Feb. 2, 2019, 10:44 a.m.
  • Length: 9:38
Show
View Real Time Build Order
Export as new Build Order

Sketchaphone Zerg - Winner!

Build Orders: Hatch First 

Get SALT Encoding   

  12  0:02  Drone  
  13  0:12  Overlord  
  13  0:20  Drone  
  14  0:25  Drone, Extractor  
  15  0:34  Drone  
  16  0:36  Drone  
  17  0:58  Hatchery  
  16  1:20  Drone  
  16  1:22  Spawning Pool  
  16  1:23  Drone  
  16  1:25  Extractor  
  16  1:31  Drone  
  17  1:47  Drone  
  18  2:10  Hatchery  
  18  2:11  Queen  
  19  2:21  Spine Crawler  
  18  2:24  Drone  
  19  2:30  Drone  
  20  2:39  Drone  
  20  2:40  Drone  
  22  2:46  Spine Crawler  
  21  2:55  Zergling x4  
  23  2:58  Metabolic Boost  
  24  3:20  Spine Crawler  
  24  3:23  Spine Crawler  
  22  3:27  Drone  
  22  3:36  Zergling x12  
  28  3:48  Spine Crawler  
  27  3:54  Drone  
  27  3:55  Spine Crawler, Drone  
  27  4:07  Spine Crawler  
  26  4:11  Spine Crawler  
  25  4:17  Drone  
  25  4:18  Spine Crawler  
  25  4:23  Zergling x2  
  26  4:27  Drone  
  27  4:38  Overlord  
  27  4:42  Overlord  
  25  5:08  Drone  
  25  5:11  Queen, Drone x2  
  30  5:16  Spine Crawler  
  29  5:33  Drone x3  
  29  5:34  Drone x3  
  35  5:43  Drone x3  
  38  5:57  Zergling x2  
  37  6:08  Queen  
  39  6:17  Spine Crawler x2  
  37  6:22  Spine Crawler  
  37  6:23  Drone x3  
  37  6:25  Drone x2  
  41  6:27  Queen  
  41  6:30  Spine Crawler  
  41  6:38  Drone x2  
  43  6:42  Overlord  
  43  6:55  Hatchery  
  43  6:59  Roach Warren  
  41  7:10  Hatchery  
  41  7:14  Evolution Chamber  
  39  7:20  Spine Crawler  
  39  7:22  Spine Crawler  
  37  7:24  Spine Crawler  
  35  7:34  Zergling x18  
  44  7:44  Queen  
  44  7:46  Drone x2  
  43  8:13  Drone  
  43  8:14  Drone x8  
  52  8:31  Zergling x8  
  54  8:47  Drone x2  
  56  8:52  Spine Crawler  
  56  8:54  Spine Crawler  
  54  8:57  Spine Crawler  
  54  8:59  Drone x4  
  54  9:00  Drone x2  
  59  9:05  Drone x3  
Show
View Real Time Build Order
Export as new Build Order

cool Protoss 

Build Orders:  

Get SALT Encoding   

  12  0:04  Probe  
  13  0:26  Probe  
  14  0:34  Assimilator  
  14  0:38  Probe  
  15  0:44  Pylon  
  15  1:08  Forge  
  15  1:11  Gateway  
  15  1:14  Gateway  
  15  1:19  Pylon  
  15  1:23  Probe  
  16  1:35  Gateway  
  16  1:47  Photon Cannon  
  16  1:59  Pylon  
  16  2:04  Zealot  
  18  2:17  Cybernetics Core  
  18  2:19  Probe  
  19  2:27  Probe  
  20  2:40  Zealot x2  
  24  2:48  Stalker  
  26  2:59  Probe  
  27  3:11  Stalker  
  27  3:12  Stalker  
  31  3:19  Stalker  
  31  4:07  Pylon  
  31  4:21  Pylon  
  31  4:23  Warp Gate  
  31  4:24  Stalker x2  
  31  4:25  Zealot, Probe  
  31  4:30  Assimilator  
  38  4:52  Stalker  
  28  5:09  Gateway x2  
  28  5:12  Gateway  
  28  5:15  Probe  
  28  5:20  Zealot x2  
  29  5:27  Sentry, Probe  
  36  5:36  Protoss Ground Weapons Level 1  
  33  6:17  Probe  
  32  6:29  Probe  
  33  6:39  Pylon  
  31  7:06  Zealot x2  
  31  7:07  Stalker x2  
  39  7:11  Nexus  
  23  7:44  Zealot  
  23  7:45  Zealot x2  
  24  8:05  Stalker  
  24  8:06  Stalker x2  
  24  8:40  Probe  
  23  8:44  Assimilator  
  19  8:48  Probe, Assimilator  
  7  9:22  Probe  
Tags
 
Matchup
PvZ
Replay Pack
init
Spawn Locations
Cross Positions
Add a new tag
Caveats
  • Supply blocks, unpowered buildings, or Contaminate may cause inaccurate times.
  • Supply counts are checked every 10 seconds.